 Dungeon Sprint DCSS version 0.28-a0-97-g102d6777a4 (webtiles) character file.

Game seed: 10555793198991234630

473 MikeHunt the Martial Artist (level 6, -2/53 HPs)
             Began as a Draconian Conjurer on Aug 10, 2021.
             Slain by a neqoxec (4 damage)
             ... in the Dungeon (Sprint II: "The Violet Keep of Menkaure").
             The game lasted 00:01:48 (256 turns).

MikeHunt the Martial Artist (Draconian Conjurer)     Turns: 256, Time: 00:01:48

Health: -2/53      AC:  6    Str:  9    XL:     6   Next: 83%
Magic:  10/15      EV: 12    Int: 19    God:
Gold:   243        SH:  0    Dex:  7    Spells: 17/18 levels left

rFire   . . .      SeeInvis .     - Unarmed
rCold   . . .      Faith    .   (no shield)
rNeg    . . .      Spirit   .   (armour unavailable)
rPois   .          Reflect  .   (helmet restricted)
rElec   .          Harm     .   (no cloak)
rCorr   .          Rampage  .   (no gloves)
Will    .....      NoTele   +   (no boots)
Stlth   +.........              (no amulet)
HPRegen 0.17/turn               (no ring)
MPRegen 0.14/turn               (no ring)

@: hasted, very quick
A: AC +6, unfitting armour, cold-blooded, clumsy 2, subdued magic 1
a: no special abilities


You were in the Dungeon.
You visited 1 branch You collected 243 gold pieces.

Inventory:

Scrolls
 f - a scroll of blinking
Potions
 d - 2 potions of magic


   Skills:
 + Level 4.7 Fighting
 + Level 4.4 Dodging
 - Level 1.7 Stealth
 + Level 8.4 Unarmed Combat
 - Level 6.8 Spellcasting
 - Level 8.3 Conjurations


You had 17 spell levels left.
You knew the following spells:

 Your Spells              Type           Power      Damage    Failure   Level
a - Magic Dart            Conj           100%       1d8       1%          1

Your spell library contained the following spells:

 Spells                   Type           Power      Damage    Failure   Level
 Searing Ray              Conj           58%        3d5       1%          2
 Dazzling Flash           Conj/Hex       34%        N/A       4%          3
 Fulminant Prism          Conj/Hex       8%         3d7       16%         4
 Iskenderun's Mystic Bla  Conj/Tloc      17%        2d5       16%         4


Dungeon Overview and Level Annotations

Branches:
Dungeon (1/1)

Altars:


Innate Abilities, Weirdness & Mutations

Your plain brown scales are hard. (AC +6)
You cannot fit into any form of body armour.
You are cold-blooded and may be slowed by cold attacks.
You are very clumsy. (Dex -4)
Your spells are a little easier to cast, but a little less powerful.


Message History

Confirm with . or Enter, or press ? or * to list all spells.
Aiming: Magic Dart (safe; 1% risk of failure)
Press: ? - help, Shift-Dir - straight line, f/p - neqoxec
Aim: a neqoxec (severely wounded, 100% to hit)
The magic dart hits the neqoxec.
The neqoxec is severely wounded.
Casting: Magic Dart (safe; 1% risk of failure)
Confirm with . or Enter, or press ? or * to list all spells.
Aiming: Magic Dart (safe; 1% risk of failure)
Press: ? - help, Shift-Dir - straight line, f/p - neqoxec
Aim: a neqoxec (severely wounded, 100% to hit)
The magic dart hits the neqoxec.
The neqoxec is almost dead.
Casting: Magic Dart (safe; 1% risk of failure)
Confirm with . or Enter, or press ? or * to list all spells.
Aiming: Magic Dart (safe; 1% risk of failure)
Press: ? - help, Shift-Dir - straight line, f/p - neqoxec
Aim: a neqoxec (almost dead, 100% to hit)
The magic dart hits the neqoxec but does no damage.
The neqoxec is almost dead.
Casting: Magic Dart (safe; 1% risk of failure)
Confirm with . or Enter, or press ? or * to list all spells.
Aiming: Magic Dart (safe; 1% risk of failure)
Press: ? - help, Shift-Dir - straight line, f/p - neqoxec
Aim: a neqoxec (almost dead, 100% to hit)
The magic dart hits the neqoxec.
The neqoxec is almost dead.
The neqoxec hits you but does no damage.
You hit the neqoxec.
The neqoxec is almost dead.
You barely miss the neqoxec.
The neqoxec is almost dead.
The neqoxec hits you.
* * * LOW HITPOINT WARNING * * *
You closely miss the neqoxec.
The neqoxec is almost dead.
You barely miss the neqoxec.
The neqoxec is almost dead.
The neqoxec hits you.
You die...

## ## ##.
.## .B .. #
.#B ### #l
#+###.##
#.##.##...#
#+.<÷'##.+
#.##.##†3@#
#l #3###.##
# ##. ###
#. ##


You could see a neqoxec.

Vanquished Creatures
  A neqoxec (D)
  4 necrophages (D)
5 creatures vanquished.

Vanquished Creatures (others)
  A neqoxec (D)
  Menkaure (D)
2 creatures vanquished.

Grand Total: 7 creatures vanquished

Notes
Turn   | Place    | Note
-------+----------+-------------------------------------------
     0 | D        | MikeHunt the Draconian Conjurer began the quest for the
                  | Orb.
     0 | D        | Reached XP level 1. HP: 14/14 MP: 3/3
     1 | D        | Noticed a wyvern
     1 | D        | Noticed a wyvern
     4 | D        | Noticed a boulder beetle
     4 | D        | Noticed a boulder beetle
     7 | D        | Noticed a necrophage
     7 | D        | Noticed a necrophage
     7 | D        | Noticed a necrophage
     7 | D        | Noticed a necrophage
    18 | D        | Killed a necrophage
    19 | D        | Reached XP level 2. HP: 18/20 MP: 1/7
    19 | D        | Reached XP level 3. HP: 24/26 MP: 1/9
    19 | D        | Reached XP level 4. HP: 30/33 MP: 1/10
    23 | D        | Killed a necrophage
    24 | D        | Reached XP level 5. HP: 34/38 MP: 2/13
    39 | D        | Killed a necrophage
    40 | D        | Reached XP level 6. HP: 28/45 MP: 4/15
    56 | D        | Killed Menkaure
   211 | D        | Noticed a neqoxec
   213 | D        | Noticed a neqoxec
   225 | D        | Gained mutation: You are clumsy. (Dex -2) [a neqoxec]
   228 | D        | Killed a neqoxec
   237 | D        | Gained mutation: Your spells are a little easier to cast,
                  | but a little less powerful. [a neqoxec]
   239 | D        | Killed a neqoxec
   242 | D        | Gained mutation: You are very clumsy. (Dex -4) [a neqoxec]
   254 | D        | HP: 2/53 [neqoxec (2)]
   256 | D        | Slain by a neqoxec

Illustrated notes

Levels and vault maps discovered:
D:        the_violet_keep_of_menkaure [sprint2_stairs_cluster_1,
          sprint2_shoproom, sprint2_temple, sprint2_basic_supplies,
          sprint2_obstacle_5, sprint2_obstacle_1, sprint2_obstacle_2,
          sprint2_obstacle_4, sprint2_obstacle_6, sprint2_timed_cluster_1,
          sprint2_smallroom_cluster_1, sprint2_smallroom_final_cluster_1,
          sprint2_transparent_cluster_1, sprint2_second_timed_cluster_1,
          sprint2_sniper_area_1, sprint2_heavy_combat_area_1,
          sprint2_mutation_trap_area_1, sprint2_forest_area_1,
          sprint2_light_combat_area_1, sprint2_behind_water_1,
          sprint2_near_end_vault_1]

Skill      XL: |  1  2  3  4  5  6 |
---------------+-------------------+-----
Unarmed Combat | 4 6 7 8 |  8.4
Spellcasting   | 4 6 |  6.8
Conjurations   | 6 7 8 |  8.3
Fighting       | 4 |  4.7
Dodging        | 4 |  4.4
Stealth        | |  1.7

Action                   |  1- 3 |  4- 6 || total
-------------------------+-------+-------++-------
Melee: Unarmed           |     8 |    54 ||    62
       Tailslap          |     2 |     2 ||     4
 Cast: Magic Dart        |     2 |     7 ||     9
  Use: Potion            |     1 |     3 ||     4
Armor: Skin              |     1 |    10 ||    11
Dodge: Dodged            |     2 |    19 ||    21

Table legend: (Time is in decaauts)
 A = Elapsed time spent in this place.
 B = Non-inter-level travel time spent in this place.
 C = Inter-level travel time spent in this place.
 D = Time resting spent in this place.
 E = Time spent auto-exploring this place.
 F = Levels seen in this place.
 G = Mean time per level.
                   A        B        C        D        E       F      G
               +--------+--------+--------+--------+--------+-----+--------+
         Total |    250 |    250 |      0 |    156 |      0 |   1 |  250.0 |
       Dungeon |    250 |    250 |      0 |    156 |      0 |   1 |  250.0 |
               +--------+--------+--------+--------+--------+-----+--------+

Top non-repeatable levels by time:
       D: 250 daAuts
